Map: Blackpink LE

Players

JohnSnow - Winner!

  • Race: Terran Terran
  • League: Gold
  • Spawn Location: 7:00

A.I. 1 (Harder)

  • Race: Protoss Protoss
  • Spawn Location: 1:00

VOD

Have the link to the VOD?

Description

Time

  • Played on: Jan. 21, 2018, 10:37 p.m.
  • Length: 16:23
Show
View Real Time Build Order
Export as new Build Order

JohnSnow Terran - Winner!

Build Orders: Bio Tank 

Get SALT Encoding   

  12  0:01  SCV  
  13  0:13  SCV  
  14  0:19  Supply Depot  
  14  0:25  SCV  
  15  0:40  SCV  
  16  0:46  Barracks  
  16  0:52  Refinery, SCV  
  17  1:04  SCV  
  17  1:10  Supply Depot  
  18  1:16  SCV  
  19  1:37  Orbital Command  
  19  1:47  Command Center  
  19  1:57  Refinery  
  19  1:58  Barracks Reactor  
  19  2:03  SCV  
  20  2:17  Bunker  
  20  2:28  SCV  
  21  2:38  Barracks  
  21  2:40  SCV  
  22  2:47  Factory  
  22  2:48  Marine x2  
  24  2:56  Supply Depot  
  24  3:00  Orbital Command  
  24  3:06  Marine x2  
  26  3:16  SCV  
  27  3:24  Marine  
  28  3:28  SCV  
  28  3:32  Supply Depot  
  29  3:38  SCV, Supply Depot  
  31  3:48  SCV  
  31  3:50  SCV  
  32  4:00  SCV  
  32  4:01  Factory Tech Lab  
  33  4:06  Starport  
  33  4:12  SCV  
  33  4:15  Engineering Bay  
  34  4:26  Barracks Tech Lab  
  34  4:42  Armory  
  34  4:50  Refinery  
  34  4:53  Marine x2  
  34  4:55  Marauder  
  34  4:56  Siege Tank  
  34  4:58  Medivac  
  43  5:04  Missile Turret  
  43  5:14  Missile Turret, SCV x2  
  44  5:15  Marine  
  44  5:16  Marauder, Marine  
  49  5:23  Barracks  
  49  5:25  Stimpack  
  49  5:26  SCV x2  
  51  5:28  Siege Tank  
  51  5:33  Marine  
  55  5:41  SCV x2  
  57  5:50  Refinery  
  57  5:52  Starport Reactor  
  57  5:53  SCV x2  
  57  5:57  Terran Infantry Weapons Level 1  
  59  6:00  Siege Tank  
  62  6:05  SCV  
  62  6:10  SCV  
  64  6:17  Marine x3, SCV  
  68  6:22  SCV  
  69  6:28  Barracks Reactor  
  69  6:29  SCV  
  70  6:35  Terran Vehicle Weapons Level 1  
  70  6:36  Barracks  
  70  6:54  Supply Depot  
  70  7:15  Marine x2, Siege Tank  
  75  7:25  Combat Shields  
  75  7:33  SCV x2  
  75  7:35  Marine  
  78  7:41  Command Center  
  78  7:47  Supply Depot  
  78  7:51  Terran Infantry Armor Level 1  
  78  7:57  Marine x3, Medivac x2, SCV  
  86  8:08  Marine  
  86  8:09  Supply Depot, SCV x2, Siege Tank  
  92  8:21  SCV  
  92  8:23  SCV  
  94  8:29  Terran Vehicle And Ship Armor Level 1  
  94  8:33  SCV  
  95  8:35  SCV  
  96  8:42  Marine x4  
  96  8:44  Marauder  
  102  8:49  Barracks Reactor  
  102  8:53  Medivac x2, SCV, Siege Tank  
  110  9:00  Marine x4  
  114  9:05  Marauder  
  116  9:23  SCV  
  116  9:24  Refinery  
  117  9:29  Orbital Command  
  117  9:36  Supply Depot  
  117  9:45  Terran Infantry Weapons Level 2  
  117  9:57  Marine x2, Medivac  
  117  9:58  Marauder, SCV x2  
  125  10:00  Supply Depot  
  125  10:14  Supply Depot  
  125  10:21  Marine x2, Marauder, Missile Turret, SCV, Siege Tank  
  125  10:23  Terran Vehicle Weapons Level 2, Supply Depot  
  133  10:35  Marine, SCV x3  
  137  10:37  Supply Depot  
  137  10:43  Marauder, Marine x5  
  137  10:47  SCV x2, Supply Depot  
  137  10:48  Medivac  
  148  10:53  Marine, Siege Tank  
  152  10:58  Starport  
  152  11:01  Marine x2  
  152  11:04  Marauder  
  154  11:25  Siege Tank  
  154  11:26  Marauder  
  157  11:36  Orbital Command  
  157  12:00  Terran Infantry Armor Level 2  
  157  12:16  Marine x5  
  157  12:17  Marine x2  
  157  12:19  Siege Tank  
  157  12:20  Medivac  
  157  12:21  Medivac  
  171  12:25  Starport Tech Lab  
  171  12:35  Marauder  
  173  12:38  Terran Vehicle And Ship Armor Level 2  
  173  12:59  Supply Depot  
  173  13:21  Marauder, Medivac x2, SCV x2  
  173  13:22  Supply Depot  
  181  13:44  Marine x7, SCV x3  
  181  13:45  Supply Depot  
  188  13:50  Siege Tank  
  182  13:56  SCV  
  182  14:00  SCV x2  
  182  14:01  Marine x4  
  189  14:06  Marine x3  
  189  14:08  SCV  
  193  14:12  SCV x2  
  195  14:19  Marine x2  
  197  14:37  Supply Depot  
  197  14:58  Marine x2, SCV  
  200  15:05  Marine  
  200  15:11  Marine  
  200  15:26  Marine x2  
  200  15:57  Marine  
Show
View Real Time Build Order
Export as new Build Order

A.I. 1 (Harder) Protoss 

Build Orders:  

Get SALT Encoding   

  12  0:00  Probe  
  13  0:13  Probe  
  14  0:20  Pylon  
  14  0:25  Probe  
  15  0:38  Probe  
  16  0:48  Assimilator  
  16  0:50  Probe  
  16  0:52  Gateway  
  17  1:00  Pylon  
  17  1:02  Probe  
  18  1:15  Probe  
  19  1:27  Probe  
  20  1:39  Zealot  
  22  1:41  Cybernetics Core  
  22  1:43  Gateway  
  22  1:47  Assimilator  
  22  2:02  Pylon  
  22  2:06  Zealot  
  24  2:27  Warp Gate  
  24  2:33  Adept  
  26  2:39  Zealot  
  28  2:44  Pylon  
  28  3:00  Zealot  
  30  3:06  Stalker  
  32  3:27  Stalker  
  34  3:36  Stalker  
  34  3:37  Pylon  
  36  3:46  Probe  
  37  3:57  Stalker  
  37  3:58  Probe  
  40  4:06  Pylon, Stalker  
  42  4:10  Probe  
  43  4:20  Forge  
  43  4:22  Probe  
  44  4:34  Stalker, Probe  
  47  4:46  Stalker  
  47  4:47  Probe  
  50  4:57  Adept  
  52  6:20  Sentry  
  52  6:21  Protoss Ground Weapons Level 1  
  52  6:24  Gateway  
  54  6:26  Robotics Facility  
  54  6:28  Sentry, Twilight Council  
  54  6:29  Nexus  
  54  6:30  Photon Cannon  
  54  6:31  Photon Cannon  
  56  6:33  Forge  
  56  6:39  Pylon  
  56  6:43  Sentry  
  56  6:44  Stargate  
  58  6:59  Stalker  
  56  7:06  Protoss Ground Armor Level 1  
  56  7:07  Stalker  
  56  7:08  Blink  
  58  7:15  Observer  
  59  7:36  Observer  
  60  7:42  Probe x2  
  62  7:52  Assimilator  
  62  7:54  Pylon, Probe x2  
  62  7:56  Pylon  
  62  7:57  Assimilator  
  64  8:06  Probe  
  64  8:07  Probe  
  66  8:18  Photon Cannon, Probe  
  66  8:19  Probe  
  68  8:23  Photon Cannon  
  68  8:26  Photon Cannon  
  68  8:30  Probe  
  68  8:31  Probe  
  70  8:42  Probe  
  70  8:43  Probe  
  72  8:55  Probe x2  
  74  9:07  Probe x2  
  76  9:19  Probe  
  76  9:20  Probe  
  78  9:31  Probe  
  79  10:23  Immortal  
  83  10:28  Gateway  
  83  10:29  Protoss Ground Weapons Level 2  
  83  10:31  Stalker x2  
  83  10:33  Pylon, Nexus  
  83  10:50  Protoss Ground Armor Level 2  
  83  10:57  Pylon  
  83  11:03  Immortal  
  83  11:17  Robotics Facility  
  83  11:19  Fleet Beacon  
  83  11:31  Pylon  
  83  11:41  Warp Prism  
  85  11:57  Assimilator  
  85  11:59  Assimilator  
  85  12:02  Tempest  
  85  12:03  Warp Prism, Probe  
  85  12:05  Probe  
  85  12:06  Probe  
  96  12:11  Protoss Air Weapons Level 1  
  96  12:15  Probe  
  97  12:17  Warp Prism, Probe  
  97  12:19  Probe  
  101  12:27  Probe  
  103  12:30  Probe  
  103  12:35  Probe  
  104  12:39  Observer, Probe  
  104  12:42  Probe  
  107  12:45  Protoss Shields Level 1  
  107  12:47  Probe  
  108  12:51  Probe  
  108  12:53  Immortal  
  108  12:54  Probe  
  108  12:58  Pylon  
  114  12:59  Probe  
  115  13:07  Immortal  
  115  13:09  Immortal  
  115  13:22  Templar Archives  
  115  13:27  Dark Shrine  
  115  13:30  Robotics Bay  
  115  13:33  Stargate  
  115  13:35  Gateway  
  115  13:44  Zealot  
  107  13:53  Immortal  
  95  14:00  Zealot x4, Void Ray  
  93  14:04  Pylon  
  93  14:05  Protoss Air Armor Level 1  
  85  14:10  Immortal  
  85  14:12  Zealot  
  85  14:19  Pylon  
  85  14:20  Stalker  
  73  14:25  Sentry  
  73  14:29  Stalker, Stargate  
  71  14:32  Zealot, Gateway  
  71  14:37  Immortal  
  64  14:42  Void Ray  
  64  14:43  Sentry  
  52  14:48  Stalker  
  52  14:52  Zealot  
  51  14:57  Zealot  
  49  15:06  Stalker  
  49  15:11  Stalker  
  49  15:13  Zealot, Void Ray  
  50  15:16  Immortal  
  33  15:40  Probe  
  32  15:51  Stalker  
  32  15:52  Probe  
  31  16:04  Probe  
  31  16:08  Pylon  
Tags
 
Composition
Bio Tank
League
Gold
Matchup
PvT
Spawn Locations
Cross Positions
Add a new tag
Caveats
  • Supply blocks, unpowered buildings, or Contaminate may cause inaccurate times.
  • Supply counts are checked every 10 seconds.